 Dungeon Crawl Stone Soup version 0.26.0-16-gc1dbca0489 (webtiles) character file.

Game seed: 2162130344987520399

60106 zcampers the Bludgeoner (level 14, -2/145 HPs)
             Began as a Minotaur Berserker on Jan 20, 2021.
             Was a High Priest of Trog.
             Killed by divine providence
             ... invoked by an orc priest
              (13 damage)
             ... on level 2 of the Orcish Mines.
             The game lasted 01:02:07 (23622 turns).

zcampers the Bludgeoner (Minotaur Berserker)       Turns: 23622, Time: 01:02:08

Health: -2/145     AC: 29    Str: 32    XL:     14   Next: 55%
Magic:  13/13      EV: 13    Int:  7    God:    Trog [*****.]
Gold:   1387       SH: 11    Dex: 20    Spells: 13/13 levels left

rFire    . . .     SeeInvis .   f - +3 flail (drain)
rCold    + + .     Faith    .   Q - +4 buckler of the Hot Ocelot {rElec rC+ Dex+6}
rNeg     . . .     Spirit   .   K - +7 chain mail of Lightning Storm {Will++}
rPois    .         Reflect  .   n - +1 hat
rElec    +         Harm     .   E - +2 cloak
rCorr    .         Rampage  .   b - +0 pair of gloves
Will     +++++                  g - +1 pair of boots
Stlth    ..........             P - amulet of regeneration
HPRegen  1.74/turn              I - +6 ring of strength
MPRegen  0.13/turn              G - ring "Xantis" {*Drain +Inv rC+ Will+ Str+2}

@: about to teleport, regenerating
A: retaliatory headbutt, horns 2, clever 1, robust 1, strong 1
a: Renounce Religion, Evoke Invisibility, Berserk, Trog's Hand, Brothers in Arms


You were on level 2 of the Orcish Mines.
You worshipped Trog.
Trog was extremely pleased with you.
You visited 3 branches of the dungeon, and saw 21 of its levels.
You also visited: Sewer.

You collected 1721 gold pieces.
You spent 334 gold pieces at shops.

Inventory:

Hand Weapons
 f - a +3 flail of draining (weapon)
Missiles
 r - 4 boomerangs of dispersal (quivered)
Armour
 b - a +0 pair of gloves (worn)
 g - a +1 pair of boots (worn)
 l - a +1 chain mail of fire resistance
 n - a +1 hat (worn)
 E - a +2 cloak (worn)
 K - the +7 chain mail of Lightning Storm (worn) {Will++}
   (You found it on level 13 of the Dungeon)

   It affects your willpower, your defense against some magical effects.
 Q - the +4 buckler of the Hot Ocelot (worn) {rElec rC+ Dex+6}
   (You acquired it on level 3 of the Lair of Beasts)

   It affects your dexterity (+6).
   It protects you from cold.
   It insulates you from electricity.
Jewellery
 j - an uncursed ring of protection from fire
 u - an uncursed ring of flight
 G - the ring "Xantis" (right hand) {*Drain +Inv rC+ Will+ Str+2}
   (You found it on level 11 of the Dungeon)

   [ring of willpower]

   It affects your strength (+2).
   It protects you from cold.
   It affects your willpower, your defense against some magical effects.
   It lets you turn invisible.
   It causes draining when unequipped.
 I - a +6 ring of strength (left hand)
 J - an uncursed ring of willpower
 N - an uncursed ring of resist corrosion
 P - an amulet of regeneration (around neck)
Wands
 h - a wand of polymorph (4)
 k - a wand of disintegration (32)
 q - a wand of digging (8)
 y - a wand of acid (2)
 A - a wand of random effects (68)
 C - a wand of enslavement (13)
 H - a wand of flame (33)
 L - a wand of iceblast (9)
Scrolls
 c - 4 scrolls of teleportation
 d - 12 scrolls of identify
 m - 7 scrolls of remove curse
 o - a scroll of enchant weapon
 p - a scroll of blinking
 s - a scroll of fear
 w - 4 scrolls of fog
 B - 5 scrolls of enchant armour
 F - a scroll of magic mapping
Potions
 a - 3 potions of invisibility
 e - 8 potions of flight
 t - a potion of ambrosia
 z - 5 potions of might
 D - a potion of resistance
 M - a potion of magic
 O - a potion of cancellation
 R - a potion of haste
Miscellaneous
 i - a phial of floods
 x - a box of beasts (inert)
 S - a phantom mirror (inert)
 T - a condenser vane


   Skills:
 + Level 14.2 Fighting
 - Level 2.2 Long Blades
 * Level 9.0(14.0) Axes
 + Level 16.9(17.5) Maces & Flails
 + Level 1.2 Throwing
 + Level 14.7 Armour
 + Level 5.7 Dodging
 - Level 2.0 Stealth
 + Level 9.7 Shields
 + Level 1.2 Evocations


You had 13 spell levels left.
You didn't know any spells.
Your spell library was empty.

Dungeon Overview and Level Annotations

Branches:
Dungeon (13/15)            Temple (0/1) D:4            Lair (6/6) D:11
  Swamp (0/4) Lair:4        Snake (0/4) Lair:2        Slime (0/5) Lair:6
    Orc (2/2) D:9             Elf (0/3) Orc:2         Sewer (visited)
 Vaults: D:13-14

Altars:
Ashenzari
Cheibriados
Dithmenos
Fedhas
Gozag
Kikubaaqudgha
Okawaru
Qazlal
Ru
Trog
Vehumet
Wu Jian
Yredelemnul
Zin
Beogh
Jiyva

Shops:
D:6 *   Orc:2 *

Annotations:
Lair:1 exclusion: oklob plant
Lair:2 2 transporters, Coron's ghost, journeyman MiBe
Lair:6 1 runed translucent door, hydrownug's ghost, journeyman OgWn


Innate Abilities, Weirdness & Mutations

You reflexively headbutt those who attack you in melee.
You have a pair of horns on your head.
Your mind is acute. (Int +2)
You are robust. (+10% HP)
Your muscles are strong. (Str +2)


Message History

The orc knight is lightly wounded.
The orc knight roars a battlecry!
The orc priest goes into a battle-frenzy!
You hear a shout!
You hit the orc priest. You drain the orc priest.
Your headbutt misses the orc priest.
The orc priest is severely wounded.
The orc priest mumbles some strange prayers to Beogh against you.
Beogh smites you!
* * * LOW HITPOINT WARNING * * *
The orc priest calls upon Beogh to heal the orc knight.
The orc knight is healed somewhat.
You block the orc priest's attack. The orc knight closely misses you.
The orc knight misses you. You furiously retaliate!
You headbutt the orc knight.
You feel better.
The orc knight no longer looks unusually strong.
The orc priest looks encouraged for a moment.
The orc priest mumbles some strange prayers to Beogh against you.
Beogh smites you!
You die...

#.8).8..8...8.......
#.).................
##...)............#.#
#...8).8..8..8......#
#....................
#._..........)8.....#
#..................### ..
#...8..8..8.o8.......# .#.
##..........@.o......# ...
#..........ooo......# #####.
#.8..8..8..8o...#...#.......
#...........o.o.#...#.......
#############..#............
#..)o....o.......
##...............
#.....^o§§.......
##..)§...........


You could see 2 orc knights and 7 orc priests.

Vanquished Creatures
  Kirke (Lair:4)
  The ghost of delverdan the Warrior, a journeyman HOFi (D:13)
  A boulder beetle (D:11)
  Harold (Orc:1)
  A merfolk avatar (Lair:6)
  5 hydras
  An anaconda (Lair:5)
  4 two-headed ogres
  Urug (D:13)
  Nergalle (Orc:1)
  A sea snake (Lair:6)
  5 skeletal warriors (D:13)
  A bog body (Lair:4)
  A harpy (Lair:6)
  An ugly thing (D:12)
  An orc knight (Orc:2)
  An orc sorcerer (Orc:1)
  3 manticores
  2 slime creatures (D:12)
  A deep elf mage (D:13)
  A cyclops (D:13)
  8 black mambas
  Joseph (D:8)
  A gargoyle (D:11)
  14 cane toads
  A torpor snail (Lair:6)
  Maggie (D:7)
  9 komodo dragons
  4 yaktaurs (D:12)
  11 rime drakes
  A jumping spider (shapeshifter) (D:13)
  6 trolls
  10 hornets
  4 polar bears
  A wind drake (Lair:6)
  3 blink frogs (Lair:4)
  6 dream sheep
  The ghost of krigyl the Chopper, an amateur GrAM (D:3)
  2 shadows
  A wraith (D:11)
  5 wyverns
  19 yaks
  3 hogs (Lair:4)
  3 basilisks
  2 steam dragons
  2 wargs
  A soldier ant (D:12)
  A swamp worm (Lair:4)
  23 water moccasins
  An acid dragon (D:11)
  6 ice beasts
  15 orc warriors
  A sky beast (D:9)
  4 black bears
  An eye of draining (D:13)
  12 ogres
  2 phantoms (D:12)
  11 wolves
  7 centaurs
  16 bullfrogs
  A gnoll sergeant (Orc:2)
  7 scorpions
  A wyvern skeleton (D:10)
  8 killer bees
  2 electric eels
  A howler monkey (D:4)
  7 wights
  3 centaur zombies
  3 bullfrog zombies
  15 orc priests
  A hound (D:5)
  6 centaur skeletons
  A jelly (D:12)
  2 bullfrog skeletons
  Natasha (twice) (D:2)
  6 hell rats (Lair:3)
  12 orc wizards
  6 worker ants
  A killer bee zombie (D:2)
  A hound zombie (D:5)
  A hound skeleton (D:5)
  A mummy (D:9)
  3 worker ant zombies
  4 gnolls (Orc:2)
  A howler monkey skeleton (D:4)
  8 adders
  A shadow imp (D:6)
  A white imp (D:6)
  An ufetubus (D:7)
  3 oozes (Sewer)
  2 adder skeletons
  An adder zombie (D:6)
  5 worms
  2 dart slugs
  8 leopard geckos
  100 orcs
  16 bats
  9 giant cockroaches
  7 goblins
  11 hobgoblins
  13 jackals
  3 quokkas
  5 ball pythons
  13 frilled lizards
  A giant cockroach zombie (D:5)
  4 kobolds
  3 leopard gecko skeletons
  2 quokka skeletons
  A quokka zombie (D:7)
  9 rats
580 creatures vanquished.

Vanquished Creatures (collateral kills)
  A centaur warrior (D:13)
  An orc high priest (Orc:2)
  A black mamba (Lair:4)
  6 dream sheep
  A basilisk (Lair:4)
  6 yaks (Lair:4)
  3 orc warriors
  An orc (Orc:2)
  A quokka zombie (D:6)
21 creatures vanquished.

Vanquished Creatures (others)
  4 humans (Lair:4)
  An orc (Orc:1)
  61 fungi
  89 plants
155 creatures vanquished.

Grand Total: 756 creatures vanquished

Notes
Turn   | Place    | Note
-------+----------+-------------------------------------------
     0 | D:1      | zcampers the Minotaur Berserker began the quest for the
                  | Orb.
     0 | D:1      | Reached XP level 1. HP: 19/19 MP: 0/0
   415 | D:1      | Reached XP level 2. HP: 27/27 MP: 1/1
   741 | D:1      | Reached skill level 4 in Maces & Flails
  1096 | D:2      | Reached XP level 3. HP: 32/33 MP: 2/2
  1122 | D:2      | Reached skill level 5 in Maces & Flails
  1134 | D:2      | Reached XP level 4. HP: 26/40 MP: 3/3
  1141 | D:2      | Reached ** piety under Trog
  1403 | D:2      | Noticed Natasha
  1411 | D:2      | Killed Natasha
  1530 | D:2      | Reached XP level 5. HP: 47/47 MP: 4/4
  1617 | D:2      | Noticed Natasha
  1624 | D:2      | Killed Natasha
  2139 | D:3      | Found a large runed translucent door.
  2143 | D:3      | Found a large runed translucent door.
  2406 | D:3      | Found a faded altar of an unknown god.
  2531 | D:3      | Found an ancient bone altar of Kikubaaqudgha.
  2532 | D:3      | Found a blossoming altar of Fedhas.
  2554 | D:3      | Reached *** piety under Trog
  2694 | D:3      | Noticed krigyl's ghost (amateur GrAM)
  2723 | D:3      | Killed krigyl's ghost
  2724 | D:3      | Reached skill level 6 in Maces & Flails
  2724 | D:3      | Reached skill level 5 in Armour
  2724 | D:3      | Reached XP level 6. HP: 28/53 MP: 5/5
  2943 | D:4      | Found a glowing drain.
  2965 | Sewer    | Entered a sewer
  3410 | Sewer    | Reached skill level 7 in Maces & Flails
  3635 | D:4      | Found a staircase to the Ecumenical Temple.
  3654 | D:4      | Reached **** piety under Trog
  3691 | D:4      | Noticed an ice beast
  3700 | D:4      | Killed an ice beast
  3701 | D:4      | Reached skill level 5 in Fighting
  3701 | D:4      | Reached XP level 7. HP: 61/61 MP: 6/6
  4060 | D:4      | Found an opulent altar of Gozag.
  4060 | D:4      | Found a glowing silver altar of Zin.
  4237 | D:5      | Entered Level 5 of the Dungeon
  4279 | D:5      | Reached skill level 8 in Maces & Flails
  4380 | D:5      | Reached XP level 8. HP: 70/70 MP: 7/7
  4610 | D:5      | Reached skill level 9 in Maces & Flails
  4610 | D:5      | Reached skill level 1 in Shields
  4905 | D:5      | Found an ornate altar of the Wu Jian Council.
  5173 | D:6      | Reached skill level 10 in Maces & Flails
  5185 | D:6      | Found a broken altar of Ashenzari.
  5292 | D:6      | Found a basalt altar of Yredelemnul.
  5313 | D:6      | Found Ficolukk's Assorted Antiques.
  5326 | D:6      | Found a radiant altar of Vehumet.
  5338 | D:6      | Bought a scroll labelled EMEEWN YVENONI for 23 gold pieces
  5338 | D:6      | Bought a scroll of identify for 46 gold pieces
  5338 | D:6      | Bought a scroll of identify for 46 gold pieces
  5338 | D:6      | Bought a wooden ring for 115 gold pieces
  5679 | D:6      | Reached ***** piety under Trog
  5687 | D:6      | Reached XP level 9. HP: 68/78 MP: 8/8
  5964 | D:7      | Found a shadowy altar of Dithmenos.
  6411 | D:7      | Noticed Maggie
  6437 | D:7      | Killed Maggie
  6762 | D:8      | Noticed Joseph
  6786 | D:8      | Killed Joseph
  6787 | D:8      | Reached skill level 11 in Maces & Flails
  6826 | D:8      | Reached skill level 1 in Stealth
  7047 | D:8      | Found a glowing silver altar of Zin.
  7717 | D:8      | Found a stormy altar of Qazlal.
  8150 | D:9      | Found a staircase to the Orcish Mines.
  8172 | D:9      | Reached skill level 12 in Maces & Flails
  8172 | D:9      | Reached XP level 10. HP: 85/88 MP: 9/9
  8480 | D:9      | Found a sacrificial altar of Ru.
  8604 | D:9      | Found a snail-covered altar of Cheibriados.
  8663 | D:9      | Received a gift from Trog
  8876 | D:9      | Reached skill level 1 in Throwing
  8959 | D:9      | Noticed a two-headed ogre
  8969 | D:9      | Killed a two-headed ogre
  9183 | D:9      | Reached skill level 13 in Maces & Flails
  9303 | D:10     | Entered Level 10 of the Dungeon
  9487 | D:10     | Noticed an eight-headed hydra
  9496 | D:10     | Killed an eight-headed hydra
  9688 | D:10     | Noticed a two-headed ogre
  9695 | D:10     | Killed a two-headed ogre
  9696 | D:10     | Reached skill level 10 in Armour
  9789 | D:10     | Reached XP level 11. HP: 92/97 MP: 10/10
 10370 | D:11     | Noticed a boulder beetle
 10388 | D:11     | Killed a boulder beetle
 10403 | D:11     | Reached skill level 14 in Maces & Flails
 10436 | D:11     | Reached skill level 10 in Fighting
 10448 | D:11     | Found a staircase to the Lair.
 10945 | D:11     | Got a coiled lapis lazuli ring
 10962 | D:11     | Identified the ring "Xantis" {*Drain +Inv rC+ Will+ Str+2}
                  | (You found it on level 11 of the Dungeon)
 11061 | D:11     | Noticed a two-headed ogre
 11068 | D:11     | Killed a two-headed ogre
 11624 | D:12     | Reached skill level 1 in Evocations
 11659 | D:12     | Received a gift from Trog
 11849 | D:12     | Reached skill level 15 in Maces & Flails
 12115 | D:12     | Noticed a two-headed ogre
 12124 | D:12     | Killed a two-headed ogre
 12125 | D:12     | Reached XP level 12. HP: 91/110 MP: 11/11
 12671 | D:13     | Noticed Urug
 12682 | D:13     | Killed Urug
 13049 | D:13     | Reached skill level 1 in Axes
 13671 | D:13     | Found a runed translucent gate.
 13671 | D:13     | Found a runed translucent gate.
 13671 | D:13     | Found an iron altar of Okawaru.
 13671 | D:13     | Found a runed translucent gate.
 13671 | D:13     | Noticed a naga warrior
 13671 | D:13     | Noticed delverdan's ghost (journeyman HOFi)
 13671 | D:13     | Noticed a centaur warrior
 13705 | D:13     | Killed a centaur warrior
 14022 | D:13     | Killed delverdan's ghost
 14306 | D:13     | Got a shimmering chain mail
 14308 | D:13     | Got a glimmering double sword
 14325 | D:13     | Identified the +6 double sword of Integrity {flame, rPois
                  | rF++ Str-2 SInv} (You found it on level 13 of the Dungeon)
 14326 | D:13     | Identified the +7 chain mail of Lightning Storm {Will++}
                  | (You found it on level 13 of the Dungeon)
 14363 | D:13     | Reached skill level 16 in Maces & Flails
 14431 | Lair:1   | Entered Level 1 of the Lair of Beasts
 14813 | Lair:1   | Reached skill level 1 in Long Blades
 14814 | Lair:1   | Noticed an eight-headed hydra
 15843 | Lair:2   | Reached XP level 13. HP: 119/119 MP: 12/12
 16025 | Lair:2   | Reached skill level 5 in Axes
 16025 | Lair:2   | Reached skill level 5 in Shields
 16072 | Lair:2   | Found a staircase to the Snake Pit.
 16459 | Lair:2   | Found a transporter.
 16495 | Lair:2   | Noticed Coron's ghost (journeyman MiBe)
 16511 | Lair:2   | Found a transporter.
 17066 | Lair:3   | Received a gift from Trog
 17346 | Lair:3   | You fall into a shaft and drop 3 floors!
 17346 | Lair:6   | Entered Level 6 of the Lair of Beasts
 17346 | Lair:6   | Found a viscous altar of Jiyva.
 17346 | Lair:6   | Found a staircase to the Slime Pits.
 18061 | Lair:4   | Noticed Kirke
 18082 | Lair:4   | Noticed a sphinx
 18096 | Lair:4   | Killed Kirke
 18158 | Lair:4   | Reached skill level 5 in Dodging
 19047 | Lair:3   | Identified a scroll of acquirement
 19047 | Lair:3   | Acquired the +4 buckler of the Hot Ocelot {rElec rC+ Dex+6}
 19478 | Lair:4   | Found a staircase to the Swamp.
 19636 | Lair:4   | Gained mutation: You are robust. (+10% HP) [potion of
                  | mutation]
 19636 | Lair:4   | Gained mutation: Your mind is acute. (Int +2) [potion of
                  | mutation]
 19636 | Lair:4   | Gained mutation: Your muscles are strong. (Str +2) [potion
                  | of mutation]
 20013 | Lair:5   | You fall into a shaft and drop 1 floor!
 20041 | Lair:6   | Found a runed translucent door.
 20047 | Lair:6   | Noticed hydrownug's ghost (journeyman OgWn)
 20047 | Lair:6   | Identified the cursed +0 trident of Indomitability {venom,
                  | SInv}
 20180 | Lair:6   | Received a gift from Trog
 20181 | Lair:6   | Reached XP level 14. HP: 143/143 MP: 13/13
 22600 | Orc:1    | Entered Level 1 of the Orcish Mines
 22600 | Orc:1    | Noticed Harold
 22600 | Orc:1    | Noticed Nergalle
 22604 | Orc:1    | Killed Harold
 22612 | Orc:1    | Killed Nergalle
 22815 | Orc:1    | Found a bloodstained altar of Trog.
 22816 | Orc:1    | Found the cursed necklace of Bloodlust {*Rage +Rage Will++
                  | Int-3 Slay+6 *Curse}
 23047 | Orc:2    | Entered Level 2 of the Orcish Mines
 23147 | Orc:2    | Found Icegefuh's General Store.
 23153 | Orc:2    | Bought a potion of cancellation for 104 gold pieces
 23246 | Orc:2    | Found a staircase to the Elven Halls.
 23453 | Orc:2    | Noticed a stone giant
 23468 | Orc:2    | Found a roughly hewn altar of Beogh.
 23621 | Orc:2    | HP: 5/145 [orc priest/divine providence (14)]
 23622 | Orc:2    | Killed from afar by an orc priest

Illustrated notes

Levels and vault maps discovered:
D:1:      evilmike_arrival_rings, layout_basic, amcnicky_mini_pool_small,
          minmay_lizard_king
D:2:      layout_rooms, uniq_natasha
D:3:      layout_loops_ring, grunt_temple_overflow_growth_and_decay,
          ebering_ghost_disaster_area, chequers_ecumenical_altar_simple_redux,
          minmay_misc_feat_encased, st_stairs_14
D:4:      minmay_recursive_quarters, layout_basic,
          grunt_temple_overflow_gold_and_silver, minmay_temple_entry_mini_moons,
          cheibrodos_sewer_entry_sluice, interstate_on_off,
          minmay_fractal_squares_gapless_5
D:5:      layout_rooms, lemuel_coloured_pillars_altar, hangedman_decor_lopped,
          minmay_pentangle
D:6:      layout_basic, evilmike_ruin_ashenzari, lemuel_doored_altar,
          kennysheep_mini_moat, serial_shops, nicolae_shop_waterfront
D:7:      layout_basic, nicolae_dithmenos_through_a_glass_darkly, uniq_maggie
D:8:      nicolae_whirlpool, layout_layer_cave, overflow_temple_1_default,
          basic_altar, uniq_joseph
D:9:      layout_roguey, marbit_many_paths, nicolae_overflow_hidden_temple,
          slow_altar_1, david_orc_3
D:10:     layout_loops_ring, kennysheep_generic_room_15
D:11:     layout_loops_ring, due_lair_maze_entry_diamond
D:12:     layout_gridville
D:13:     layout_long_grid, gammafunk_ghost_fury_of_okawaru, chequers_avenue,
          hangedman_decor_push, uniq_urug
Lair:1:   layout_cave_pods, chequers_serial_rivers_micro_c, grunt_megastairs_3,
          minmay_lair_oklob_chamber, infiniplex_staircase_pool,
          lemuel_fruit_fields
Lair:2:   layout_cellular_growth, minmay_snake_entry_six_corridors,
          gammafunk_ghost_berserking_beasts, infiniplex_staircase_pool_2
Lair:3:   layout_gridlike
Lair:4:   layout_cave_pods, nicolae_swamp_entry_splash_gauntlet,
          grunt_megastairs_2, uniq_kirke
Lair:5:   layout_regular_city, serial_bayou_shore_a
Lair:6:   gammafunk_lair_ancient_temple, layout_small_grid, slime_altar_1,
          ebering_ghost_funeral_grove
Orc:1:    emtedronai_trogs_sanctum, layout_caves, sword_in_stone, uniq_harold,
          uniq_nergalle
Orc:2:    st_orc_pillars, layout_diamond_mine, serial_shops, shop,
          bh_open_orc_temple

Skill      XL: |  1  2  3  4  5  6  7  8  9 10 11 12 13 14 |
---------------+-------------------------------------------+-----
Fighting       | 4 5 6 8 9 11 12 13 14 | 14.2
Maces & Flails | 4 5 6 7 8 10 12 13 15 16 | 16.9
Armour         | 3 4 5 6 8 10 12 13 14 | 14.7
Dodging        | 3 4 5 |  5.7
Shields        | 2 4 7 9 |  9.7
Stealth        | 1 2 |  2.0
Throwing       | 1 |  1.2
Evocations     | 1 |  1.2
Axes           | 4 7 9 |  9.0
Long Blades    | 2 |  2.2

Action                   |  1- 3 |  4- 6 |  7- 9 | 10-12 | 13-15 || total
-------------------------+-------+-------+-------+-------+-------++-------
Melee: Mace              |    61 |    78 |       |       |       ||   139
       Headbutt          |     6 |    31 |    54 |   158 |   192 ||   441
       Flail             |       |   121 |   262 |   494 |   599 ||  1476
       Great mace        |       |       |       |    69 |       ||    69
       Double sword      |       |       |       |    32 |       ||    32
Throw: Dart              |     2 |     1 |     2 |     2 |       ||     7
       Boomerang         |       |       |       |       |     3 ||     3
Invok: Berserk           |     1 |     1 |       |     4 |     1 ||     7
       Trog's Hand       |       |       |     4 |     2 |     6 ||    12
       Brothers in Arms  |       |       |       |     1 |     4 ||     5
Evoke: Wand              |       |       |     4 |     2 |     4 ||    10
       Box of beasts     |       |       |       |     1 |     1 ||     2
       Phantom mirror    |       |       |       |       |     1 ||     1
  Use: Scroll            |       |     7 |     8 |    11 |    12 ||    38
       Potion            |       |     7 |     4 |     3 |     9 ||    23
 Stab: Distracted        |       |       |     1 |       |       ||     1
Armor: Chain mail        |    64 |   158 |    84 |    85 |   299 ||   690
       Animal skin       |     1 |       |       |       |       ||     1
       Plate armour      |       |       |    82 |   280 |       ||   362
Dodge: Dodged            |    44 |   149 |   123 |   249 |   299 ||   864
Block: Buckler           |       |     1 |    54 |   114 |   305 ||   474
       Rpst.: Double sword |       |       |       |     9 |       ||     9
